 Dungeon Crawl Stone Soup version 0.21.1-1-g345015f (webtiles) character file.

14087 nicolaieve the Severer (level 11, -5/95 (97) HPs)
             Began as a Minotaur Berserker on July 16, 2018.
             Was a High Priest of Trog.
             Slain by a catoblepas (9 damage)
             ... on level 3 of the Lair of Beasts.
             The game lasted 00:41:10 (9632 turns).

nicolaieve the Severer (Minotaur Berserker)         Turns: 9632, Time: 00:41:11

HP:   -5/95 (97)    AC: 19    Str: 25    XL:     11   Next: 84%
MP:   10/10         EV:  9    Int:  6    God:    Trog [*****.]
Gold: 559           SH:  0    Dex: 14    Spells: 10/10 levels left

rFire    . . .     SeeInvis .   g - +2 broad axe (chop)
rCold    . . .     Gourm    .   (no shield)
rNeg     + . .     Faith    .   w - +2 plate armour {MR+}
rPois    .         Spirit   .   (helmet restricted)
rElec    .         Reflect  .   (no cloak)
rCorr    .         Harm     .   t - +0 pair of gloves
MR       +....                  o - +0 pair of boots
Stlth    ..........             H - amulet of regeneration
HPRegen  0.65/turn              L - ring "Kitieng" {Int+2 Dex+4}
MPRegen  0.12/turn              M - ring of positive energy

@: invisible, very slow
A: retaliatory headbutt, horns 2
a: Berserk, Trog's Hand, Brothers in Arms, Burn Spellbooks, Renounce Religion


You were on level 3 of the Lair of Beasts.
You worshipped Trog.
Trog was extremely pleased with you.
You were not hungry.

You visited 2 branches of the dungeon, and saw 12 of its levels.

You collected 559 gold pieces.

Inventory:

Hand Weapons
 g - a +2 broad axe of chopping (weapon)
 n - a +0 battleaxe
 A - a +1 whip of venom
Armour
 o - a +0 pair of boots (worn)
 t - a +0 pair of gloves (worn)
 w - a +2 plate armour of magic resistance (worn)
Jewellery
 H - an amulet of regeneration (around neck)
 L - the ring "Kitieng" (left hand) {Int+2 Dex+4}
   (You found it on level 1 of the Lair of Beasts)

   [ring of intelligence]

   It affects your intelligence (+2).
   It affects your dexterity (+4).
 M - a ring of positive energy (right hand)
Wands
 f - a wand of polymorph (13)
 p - a wand of acid (26)
 B - a wand of paralysis (22)
 K - a wand of flame (23)
Scrolls
 a - 2 scrolls of random uselessness {unknown}
 d - 7 scrolls of fear
 e - 3 scrolls of enchant armour
 k - 6 scrolls of teleportation
 q - 2 scrolls of noise {unknown}
 r - 4 scrolls of magic mapping
 u - a scroll of identify
 v - 3 scrolls of fog {unknown}
 x - 4 scrolls of amnesia {unknown}
 y - 3 scrolls of remove curse
 C - 2 scrolls of enchant weapon {unknown}
 E - 2 scrolls of immolation {unknown}
 G - a scroll of silence {unknown}
Potions
 b - 3 potions of agility
 i - 2 potions of mutation
 j - 2 potions of lignification
 l - 3 potions of haste
 m - a potion of cancellation
 s - 6 potions of curing
 D - 3 potions of invisibility
 I - a potion of flight
Comestibles
 c - 25 rations
 h - 2 chunks of flesh


   Skills:
 + Level 9.4 Fighting
 * Level 17.7 Axes
 + Level 10.3 Armour
 + Level 2.8 Dodging


You had 10 spell levels left.
You didn't know any spells.

Dungeon Overview and Level Annotations

Branches:
Dungeon (9/15)             Temple (0/1) D:6            Lair (3/6) D:8
 Shoals (0/4) Lair:2          Orc (0/2) D:9
  Snake: Lair:2-4    Spider: Lair:2-4

Altars:
Dithmenos
Makhleb
Okawaru
Trog
Vehumet
Zin


Innate Abilities, Weirdness & Mutations

You reflexively headbutt those who attack you in melee.
You have a pair of horns on your head.


Message History

The catoblepas gores you but does no damage.
You are engulfed in calcifying dust.
The catoblepas gores you!
* * * LOW HITPOINT WARNING * * *
The catoblepas gores you but does no damage.
You are engulfed in calcifying dust.
The catoblepas gores you!!
* * * LOW HITPOINT WARNING * * *
The catoblepas gores you but does no damage.
The catoblepas gores you.
* * * LOW HITPOINT WARNING * * *
The catoblepas gores you but does no damage.
The catoblepas gores you!
* * * LOW HITPOINT WARNING * * *
The catoblepas gores you!
* * * LOW HITPOINT WARNING * * *
You turn to flesh and can move again.
Unknown command.
Okay, then.
You fade into invisibility!
The catoblepas gores you!
You die...

#≈≈.#
#≈≈P♣♣≈.≈≈≈≈
#≈≈≈##
♣P≈≈≈♣≈P≈≈≈≈
##≈≈≈#
♣♣≈≈≈♣≈P≈≈≈≈
##≈≈#
#♣≈≈♣♣≈≈≈≈≈≈
#♣##≈#
♣≈≈≈♣♣≈≈≈≈≈≈
#≈≈≈≈#
#≈≈≈≈≈≈≈≈.≈≈
#≈≈≈##
#≈≈≈≈≈≈≈≈..≈
#≈###
♣≈≈≈≈≈≈≈....
#≈@#
♣P≈≈PP≈.....
#YY≈≈#
#..≈≈≈......
#≈?.≈#
#♣..........
#.%).#
♣......P..♣
#8):8#
♣♣P..P.♣♣♣♣
######
♣♣♣♣♣♣♣ ♣♣
♣♣♣♣. ##....


You could see 2 catoblepae.

Vanquished Creatures
  A hydra (Lair:3)
  2 black mambas
  6 spiny frogs
  A komodo dragon (D:8)
  A rime drake (Lair:3)
  A troll (D:6)
  Grinder (D:5)
  5 blink frogs
  3 hippogriffs
  10 yaks
  A basilisk (Lair:1)
  3 hogs (D:7)
  A human (D:7)
  A hungry ghost (D:8)
  The ghost of Aryth the Slasher, an amateur MiGl (D:3)
  A steam dragon (D:8)
  2 water moccasins (Lair:3)
  An ice beast (D:9)
  3 porcupines
  2 sky beasts (D:8)
  3 necrophages
  4 orc warriors
  2 phantoms
  3 wolves (Lair:2)
  5 ogres
  5 centaurs
  7 crocodiles
  11 bullfrogs
  5 wights (D:5)
  4 electric eels
  5 howler monkeys
  6 crimson imps
  2 centaur zombies
  2 jellies
  3 hounds
  7 orc priests
  10 orc wizards
  2 gnoll shamans
  2 bullfrog skeletons
  Ijyb (D:5)
  5 iguanas
  3 worker ants
  The ghost of dscm the Skirmisher, a weakling OpFi (D:4)
  A hound skeleton (D:4)
  A worker ant zombie (D:7)
  18 gnolls
  9 adders
  2 shadow imps
  8 oozes
  2 adder skeletons
  A worm (D:2)
  2 dart slugs (D:3)
  3 leopard geckos
  57 orcs
  A ball python (D:3)
  13 giant cockroaches
  7 goblins
  5 hobgoblins
  5 jackals
  8 quokkas
  9 bats
  5 frilled lizards
  8 kobolds
  7 rats
  A fungus (Lair:2)
  4 plants (D:8)
322 creatures vanquished.

Vanquished Creatures (others)
  A centaur (Lair:3)
  A plant (D:8)
  15 toadstools (Lair:3)
17 creatures vanquished.

Grand Total: 339 creatures vanquished

Notes
Turn   | Place    | Note
-------+----------+-------------------------------------------
     0 | D:1      | nicolaieve the Minotaur Berserker began the quest for the Orb.
     0 | D:1      | Reached XP level 1. HP: 19/19 MP: 0/0
     1 | D:1      | Found a runed door.
    11 | D:1      | Reached skill level 4 in Axes
    15 | D:1      | Reached XP level 2. HP: 26/26 MP: 1/1
    23 | D:1      | Reached skill level 5 in Axes
    25 | D:1      | Reached XP level 3. HP: 31/31 MP: 2/2
   241 | D:1      | Reached ** piety under Trog
   794 | D:2      | Reached XP level 4. HP: 37/39 MP: 3/3
   856 | D:2      | Reached skill level 6 in Axes
  1142 | D:2      | Found a burning altar of Makhleb.
  1316 | D:3      | Noticed Aryth's ghost (amateur MiGl)
  1325 | D:3      | Killed Aryth's ghost
  1325 | D:3      | Reached skill level 7 in Axes
  1325 | D:3      | Reached XP level 5. HP: 45/45 MP: 4/4
  1346 | D:3      | Reached skill level 8 in Axes
  1416 | D:3      | Reached *** piety under Trog
  1446 | D:3      | Reached XP level 6. HP: 46/51 MP: 5/5
  1878 | D:3      | You fall through a shaft!
  1990 | D:4      | Reached skill level 9 in Axes
  2086 | D:4      | Reached XP level 7. HP: 38/57 MP: 6/6
  2205 | D:4      | Found a shadowy altar of Dithmenos.
  2275 | D:4      | Reached skill level 10 in Axes
  2324 | D:4      | Noticed dscm's ghost (weakling OpFi)
  2331 | D:4      | Killed dscm's ghost
  2888 | D:5      | Entered Level 5 of the Dungeon
  3120 | D:5      | Reached skill level 11 in Axes
  3171 | D:5      | Noticed Ijyb
  3172 | D:5      | Noticed Grinder
  3179 | D:5      | Killed Ijyb
  3179 | D:5      | Reached XP level 8. HP: 10/64 MP: 7/7
  3180 | D:5      | Killed Grinder
  3180 | D:5      | Reached skill level 12 in Axes
  3441 | D:5      | Reached **** piety under Trog
  3628 | D:5      | Reached skill level 13 in Axes
  4107 | D:6      | Reached XP level 9. HP: 65/70 MP: 8/8
  4231 | D:6      | Noticed a troll
  4241 | D:6      | Killed a troll
  4283 | D:6      | Found an iron altar of Okawaru.
  4283 | D:6      | Found a radiant altar of Vehumet.
  4287 | D:6      | Found a bloodstained altar of Trog.
  4310 | D:6      | Reached skill level 14 in Axes
  4391 | D:6      | Found a staircase to the Ecumenical Temple.
  4702 | D:7      | Reached skill level 5 in Fighting
  4705 | D:7      | Reached skill level 5 in Armour
  4996 | D:7      | Reached ***** piety under Trog
  5249 | D:8      | Reached XP level 10. HP: 63/82 MP: 9/9
  5392 | D:8      | Reached skill level 15 in Axes
  5520 | D:8      | Found a staircase to the Lair.
  5716 | D:8      | Received a gift from Trog
  6134 | D:9      | Found a staircase to the Orcish Mines.
  6896 | Lair:1   | Entered Level 1 of the Lair of Beasts
  7022 | Lair:1   | Noticed a spiny frog
  7033 | Lair:1   | Killed a spiny frog
  7042 | Lair:1   | Reached skill level 16 in Axes
  7086 | Lair:1   | Noticed a spiny frog
  7093 | Lair:1   | Killed a spiny frog
  7123 | Lair:1   | Got a wavering silver ring
  7129 | Lair:1   | Identified the ring "Kitieng" {Int+2 Dex+4} (You found it on level 1 of the Lair of Beasts)
  7315 | Lair:1   | Reached XP level 11. HP: 78/92 MP: 10/10
  7882 | Lair:1   | Received a gift from Trog
  8269 | Lair:2   | Reached skill level 17 in Axes
  8570 | Lair:2   | Found a staircase to the Shoals.
  8674 | Lair:2   | Reached skill level 10 in Armour
  8972 | Lair:3   | Noticed a six-headed hydra
  8985 | Lair:3   | Killed a six-headed hydra
  9101 | Lair:3   | Found a runed door.
  9310 | Lair:3   | Found a glowing silver altar of Zin.
  9618 | Lair:3   | Noticed a catoblepas
  9618 | Lair:3   | Noticed a catoblepas
  9631 | Lair:3   | HP: 3/95 [catoblepas (8)]
  9632 | Lair:3   | Slain by a catoblepas

Skill      XL: |  1  2  3  4  5  6  7  8  9 10 11 |
---------------+----------------------------------+-----
Axes           | 4 5 7 8 9 11 13 14 16 17 | 17.7
Fighting       | 4 5 7 9 |  9.4
Armour         | 3 6 8 10 | 10.3
Dodging        | |  2.8

Action                   |  1- 3 |  4- 6 |  7- 9 | 10-12 || total
-------------------------+-------+-------+-------+-------++-------
Melee: Hand axe          |    67 |   133 |   306 |   277 ||   783
       Headbutt          |     8 |    19 |    47 |    76 ||   150
       Broad axe         |       |       |       |   105 ||   105
       Whip              |       |       |       |     8 ||     8
Invok: Berserk           |     1 |     1 |     6 |     1 ||     9
       Trog's Hand       |       |       |     2 |     1 ||     3
       Burn Spellbooks   |       |       |       |     5 ||     5
  Use: Scroll            |       |       |     9 |     7 ||    16
       Potion            |       |       |       |     1 ||     1
  Eat: Chunk             |     1 |     5 |    16 |    18 ||    40
Armor: Animal skin       |     3 |       |       |       ||     3
       Ring mail         |    28 |     7 |       |       ||    35
       Scale mail        |       |    38 |    14 |       ||    52
       Plate armour      |       |       |   118 |   184 ||   302
Dodge: Dodged            |    45 |    70 |    90 |   127 ||   332
